 Dungeon Crawl Stone Soup version 0.28.0-43-g3370ac3207 (webtiles) character file.

Game seed: 8892744867029505028

339 issech the Cudgeller (level 6, -2/61 HPs)
             Began as a Troll Monk on Mar 23, 2022.
             Slain by an ogre
             ... wielding a +0 giant club
              (23 damage)
             ... on level 3 of the Dungeon.
             The game lasted 00:10:13 (3068 turns).

issech the Cudgeller (Troll Monk)                   Turns: 3068, Time: 00:10:14

Health: -2/61      AC:  4    Str: 20    XL:     6   Next: 29%
Magic:  5/5        EV: 11    Int:  6    God:
Gold:   107        SH:  0    Dex: 14    Spells: 5/5 levels left

rFire   . . .      SeeInvis .   j - +1 mace (holy)
rCold   . . .      Faith    .   (no shield)
rNeg    . . .      Spirit   .   b - +0 robe
rPois   .          Reflect  .   (helmet restricted)
rElec   .          Harm     .   (no cloak)
rCorr   .          Rampage  .   (gloves unavailable)
Will    .....                   (boots unavailable)
Stlth   ++........              (no amulet)
HPRegen 1.00/turn               (no ring)
MPRegen 0.09/turn               (no ring)

@: no status effects
A: large, unfitting armour, claws 3, regeneration 1, shaggy fur 1, tough skin 1
a: no special abilities


You were on level 3 of the Dungeon.
You visited 1 branch of the dungeon, and saw 4 of its levels.
You also visited: Sewer.

You collected 107 gold pieces.

Inventory:

Hand Weapons
 a - a +0 mace
 j - a +1 mace of holy wrath (weapon)
 o - a +0 whip of draining
 q - a +0 flail
Missiles
 c - 17 arrows
 i - 60 stones (quivered)
 n - 15 poisoned darts
Armour
 b - a +0 robe (worn)
Scrolls
 e - 3 scrolls of silence
 f - a scroll of amnesia
 k - a scroll of blinking
 l - a scroll of teleportation
 r - a scroll of identify
Potions
 d - 2 potions of might {unknown}
 g - a potion of ambrosia {unknown}
 h - 3 potions of haste {unknown}
 m - a potion of heal wounds {unknown}
 p - a potion of invisibility {unknown}


   Skills:
 + Level 3.3 Fighting
 + Level 4.9 Maces & Flails
 + Level 3.5 Dodging
 + Level 1.4 Stealth


You had 5 spell levels left.
You didn't know any spells.
Your spell library contained the following spells:

 Spells                   Type           Power      Damage    Failure   Level
 Tukima's Dance           Hex            0%         N/A       83%         3
 Anguish                  Hex/Necr       0%         N/A       99%         4
 Enfeeble                 Hex            0%         N/A       100%        7


Dungeon Overview and Level Annotations

Branches:
Dungeon (4/15)              Sewer (visited)
 Temple: D:4-7

Altars:

Shops:
D:2 (


Innate Abilities, Weirdness & Mutations

You are too large for most types of armour.
You have claws for hands.
Your natural rate of healing is unusually fast.
You are covered in fur. (AC +1)
You have tough skin. (AC +1)


Message History

There is a stone staircase leading down here.
You start resting.
HP restored.
You climb downwards.
The jackal bites you but does no damage.
The ogre closely misses you.
The jackal bites you but does no damage.
There is a stone staircase leading up here.
The ogre barely misses you. The jackal barely misses you.
You climb upwards.
There is a stone staircase leading down here.
You hit the jackal.
The jackal is moderately wounded.
The jackal barely misses you. The ogre misses you. The jackal bites you.
You barely miss the jackal.
The jackal is moderately wounded.
The jackal closely misses you. The ogre closely misses you.
The jackal misses you.
You hit the jackal.
The jackal is heavily wounded.
The jackal barely misses you. The ogre barely misses you.
You hit the jackal.
The jackal is almost dead.
The jackal closely misses you.
The jackal bites you but does no damage.
The ogre hits you with a +0 giant club!!
You closely miss the jackal.
The jackal is severely wounded.
The jackal bites you.
The ogre hits you with a +0 giant club!!
The jackal bites you.
You barely miss the jackal.
The jackal is severely wounded.
The jackal bites you but does no damage.
Unknown command.
You hit the jackal.
The jackal is almost dead.
The jackal completely misses you.
The ogre hits you with a +0 giant club!!
You die...

#.........#####......############
#................................
#.........######.################
#.........######.# #
#................# ##
###.#.##########.# ########.
#.#..........#.# #........
#.####.......#h########.######.
#.# #.......#@................
#.####.......##O...........###.
#............##...........[# #.
######........#[...........####
#........#................
#........#.............###
#........#########.#.#....
#................)[.....#.
####.#############.#.##.#.


You could see an ogre and a jackal.

Vanquished Creatures
  A kobold brigand (Sewer)
  An orc priest (D:3)
  An orc wizard (D:3)
  7 adders
  7 river rats
  2 worms
  2 dart slugs (D:2)
  2 orcs (D:3)
  3 bats
  6 endoplasms
  4 giant cockroaches
  6 goblins
  8 hobgoblins
  6 jackals
  4 quokkas
  8 ball pythons
  8 frilled lizards
  5 kobolds
  4 rats
85 creatures vanquished.

Vanquished Creatures (others)
  14 plants (Sewer)
14 creatures vanquished.

Grand Total: 99 creatures vanquished

Notes
Turn   | Place    | Note
-------+----------+-------------------------------------------
     0 | D:1      | issech the Troll Monk began the quest for the Orb.
     0 | D:1      | Reached XP level 1. HP: 22/22 MP: 0/0
   245 | D:1      | Reached XP level 2. HP: 29/29 MP: 1/1
   336 | D:1      | Reached skill level 3 in Maces & Flails
   801 | D:2      | Reached XP level 3. HP: 34/36 MP: 2/2
  1151 | D:2      | Found Zithego's Antique Weapon Emporium.
  1463 | D:3      | Found a glowing drain.
  1505 | D:3      | Reached XP level 4. HP: 20/44 MP: 3/3
  1571 | Sewer    | Entered a sewer
  1599 | Sewer    | Reached skill level 4 in Maces & Flails
  1734 | Sewer    | Reached XP level 5. HP: 50/53 MP: 4/4
  2522 | D:3      | Reached XP level 6. HP: 50/61 MP: 5/5
  3068 | D:3      | Slain by an ogre

Illustrated notes

Levels and vault maps discovered:
D:1:      dpeg_arrival_round_b, layout_basic
D:2:      layout_basic, serial_shops, nicolae_shop_advertising_works
          [nicolae_subvault_shop_adworks]
D:3:      layout_basic, portal_sewer_entry_b
D:4:      gammafunk_wand_slinger, layout_cave_pools,
          nicolae_overflow_hallway_of_the_gods,
          minmay_temple_entry_enclosed_plants, chequers_serial_rivers_large_b

Skill      XL: |  1  2  3  4 |
---------------+-------------+-----
Maces & Flails | 3 4 |  4.9
Dodging        | 3 |  3.5
Fighting       | 3 |  3.3
Stealth        | |  1.4

Action                   |  1- 3 |  4- 6 || total
-------------------------+-------+-------++-------
Melee: Mace              |   158 |   223 ||   381
       Punch             |     1 |     2 ||     3
  Use: Scroll            |       |     5 ||     5
 Stab: Sleeping          |     3 |     1 ||     4
Armor: Robe              |    60 |    75 ||   135
Dodge: Dodged            |    76 |   130 ||   206
